AoeStats
← Sr.Piquete

Golden Pit

509007408Analyzed
1v1 RM · 7d ago on Sep 25, 2026· 30m 9s· 2 players
Game mode
Random Map
Map size
Tiny (2 player)
Population
200
Speed
Normal
Resources
Standard
Victory
Conquest
Starting age
Dark Age
Ending age
Imperial Age
RankedLock teamsTeams togetherTeam positionsShared explorationLock speedFull tech treeHidden civsTurbo modeCheats
Victory
Defeat
🇹🇼 Danes · Taiwan
1225
+16
🇨🇱 Saxons · Chile
1215
-16
Sr.Piquete
7:01 Loom
10:58 Feudal Age
11:44 Double-Bit Axe
11:44 Man-at-Arms
17:16 Scale Mail Armor
18:40 Wheelbarrow
19:27 Forging
19:53 Horse Collar
25:00 Castle Age
23:22 Arson
25:20 Long Swordsman
26:01 Squires
25:48 Gambesons
AgeOf60_GrandpaTV
6:32 Loom
9:24 Feudal Age
9:27 Man-at-Arms
9:56 Arson
10:59 Double-Bit Axe
12:24 Horse Collar
15:40 Scale Mail Armor
16:55 Forging
20:08 Fletching
23:37 Castle Age
22:08 Gold Mining
23:52 Long Swordsman
24:20 Gambesons
24:52 Chain Mail Armor
24:49 Bow Saw
25:19 Squires
25:58 Wheelbarrow
26:52 Iron Casting
Connection lost

Rejoining the realm…

Still unreachable

The connection could not be restored.

Session expired

The server has moved on; the page needs a fresh start.